[Event "DEN-chT XtraCon 2018-19"]
[Site "Denmark"]
[Date "2018.10.27"]
[Round "1"]
[White "Sorensen, Jan"]
[Black "Kristensen, Bjarke Hautop"]
[Result "0-1"]
[ECO "A45"]
[WhiteElo "2406"]
[BlackElo "2207"]
[Annotator "NA"]
[PlyCount "152"]
[EventDate "2018.10.27"]
[EventType "team-tourn"]
[EventCountry "DEN"]
[SourceTitle "playchess.com"]
[Source "ChessBase"]
[SourceQuality "1"]
[TimeControl "40/5400+30:1800+30"]

1. d4 Nf6 2. Bg5 d5 3. Bxf6 exf6 4. e3 Be6 5. g3 Bd6 6. Bg2 c6 7. Ne2 O-O 8. O-O Nd7 9. b3 f5 10. Nd2 Nf6 11. c4 Ne4 12. Rb1 Qd7 13. c5 Bc7 14. b4 b5 15. a4 a6 16. Ra1 h6 17. Qc2 g5 18. Ra3 Rae8 19. axb5 axb5 20. Ra6 Ra8 21. Rfa1 Rxa6 22. Rxa6 Re8 23. Nf3 f4 24. exf4 Bf5 25. Qc1 f6 26. Ra7 Bxf4 27. Rxd7 Bxc1 28. Rc7 Ba3 29. Rxc6 Bxb4 30. h3 Ba3 31. g4 Bg6 32. Rb6 b4 33. Ne5 fxe5 34. Rxg6+ Kh7 35. Rb6 exd4 36. Nxd4 Nxc5 37. Rb5 Re1+ 38. Kh2 Bb2 39. Nf3 Rc1 40. Rxb4 Rc2 41. Rb5 Bf6 42. Rb6 Ne4 43. Rb7+ Kg6 44. Rd7 Nc3 45. h4 gxh4 46. Kh3 Rxf2 47. Nxh4+ Bxh4 48. Bxd5 Nxd5 49. Rxd5 Bf6 50. Rf5 Ra2 51. Kg3 Ra3+ 52. Kg2 Bg5 53. Rb5 Bf4 54. Kf2 Rg3 55. Ra5 Rxg4 56. Kf3 h5 57. Ra4 Kf5 58. Ra7 Be5 59. Rh7 Kg6 60. Re7 Bf6 61. Rb7 Ra4 62. Rb5 h4 63. Kg2 Ra3 64. Kh2 Bg5 65. Kh1 Ra4 66. Kg2 Kh5 67. Rb1 Kg4 68. Kh1 Ra2 69. Rg1+ Kf5 70. Rb1 Bf4 71. Rb3 Kg4 72. Rb1 Kh3 73. Re1 Bg3 74. Rf1 Rh2+ 75. Kg1 Rg2+ 76. Kh1 Bf2 0-1

[Event "DEN-chT XtraCon 2018-19"]
[Site "Denmark"]
[Date "2018.10.27"]
[Round "1"]
[White "Teplyi, Igor"]
[Black "Hansen, Sune Berg"]
[Result "1/2-1/2"]
[ECO "E32"]
[WhiteElo "2404"]
[BlackElo "2581"]
[Annotator "ChessBase"]
[PlyCount "76"]
[EventDate "2018.10.27"]
[EventType "team-tourn"]
[EventCountry "DEN"]
[SourceTitle "playchess.com"]
[Source "ChessBase"]
[SourceQuality "1"]
[TimeControl "40/5400+30:1800+30"]

1. d4 Nf6 2. c4 e6 3. Nc3 Bb4 4. Qc2 d6 5. Nf3 c5 6. a3 Bxc3+ 7. Qxc3 cxd4 8. Qxd4 Nc6 9. Qd1 O-O 10. e3 a5 11. Be2 e5 12. O-O Bf5 13. b3 Qe7 14. Bb2 Rfd8 15. Qe1 Nd7 16. b4 Rdc8 17. Bc3 Nb6 18. c5 axb4 19. cxd6 Qxd6 20. axb4 f6 21. b5 Ne7 22. Rxa8 Rxa8 23. Bb4 Qd7 24. Bc5 Ned5 25. Nh4 Na4 26. Nxf5 Nxc5 27. Bc4 Kh8 28. Qd2 Rd8 29. Qxd5 Qxd5 30. Bxd5 Rxd5 31. Ra1 h6 32. h4 h5 33. Ra8+ Kh7 34. Rc8 b6 35. Rc6 Nd7 36. Rd6 Rxd6 37. Nxd6 Kg6 38. e4 Nc5 1/2-1/2

[Event "DEN-chT XtraCon 2018-19"]
[Site "Denmark"]
[Date "2018.10.27"]
[Round "1"]
[White "Percivaldi, Martin"]
[Black "Petersen, Steen"]
[Result "1-0"]
[ECO "A06"]
[WhiteElo "2390"]
[BlackElo "2131"]
[Annotator "NA"]
[PlyCount "59"]
[EventDate "2018.10.27"]
[EventType "team-tourn"]
[EventCountry "DEN"]
[SourceTitle "playchess.com"]
[Source "ChessBase"]
[SourceQuality "1"]
[TimeControl "40/5400+30:1800+30"]

1. Nf3 d5 2. g3 Bg4 3. Bg2 Nd7 4. h3 Bh5 5. d3 c6 6. O-O e5 7. Nbd2 Bc5 8. e4 f6 9. c3 Bb6 10. d4 Ne7 11. g4 Bg6 12. Qe2 Qc7 13. dxe5 O-O-O 14. Nd4 Bxd4 15. cxd4 fxe5 16. dxe5 dxe4 17. Nxe4 Nxe5 18. Bf4 Nd5 19. Bg3 Qe7 20. Rae1 Rhe8 21. f4 Bxe4 22. Qxe4 Ng6 23. Qd4 Qb4 24. Qxa7 Rxe1 25. Bxe1 Qxb2 26. Ba5 Re8 27. Bxd5 cxd5 28. Qc5+ Kb8 29. Bc7+ Ka8 30. Qa5# 1-0

[Event "DEN-chT XtraCon 2018-19"]
[Site "Denmark"]
[Date "2018.10.27"]
[Round "1"]
[White "Borge, Nikolaj"]
[Black "Matthiesen, Martin"]
[Result "1/2-1/2"]
[ECO "C44"]
[WhiteElo "2385"]
[BlackElo "2286"]
[Annotator "NA"]
[PlyCount "167"]
[EventDate "2018.10.27"]
[EventType "team-tourn"]
[EventCountry "DEN"]
[SourceTitle "playchess.com"]
[Source "ChessBase"]
[SourceQuality "1"]
[TimeControl "40/5400+30:1800+30"]

1. e4 e5 2. Nf3 Nc6 3. d4 exd4 4. Nxd4 g6 5. Nxc6 bxc6 6. h4 h6 7. Be3 Bg7 8. Bd4 Nf6 9. e5 Nd5 10. c4 Ne7 11. e6 Bxd4 12. Qxd4 O-O 13. exf7+ Rxf7 14. Nc3 Nf5 15. Qd2 Qe7+ 16. Be2 Rb8 17. O-O-O Qb4 18. Qc2 Ba6 19. g4 Nd6 20. a3 Qb3 21. Qxg6+ Rg7 22. Qc2 Qxc2+ 23. Kxc2 Bxc4 24. Rd4 Bxe2 25. Nxe2 Rf8 26. Rh2 Rf3 27. Ng3 Rgf7 28. Rd2 R7f4 29. g5 hxg5 30. hxg5 Rg4 31. Rh5 Nf7 32. g6 Rxg6 33. Nf5 Rf6 34. Ne7+ Kf8 35. Rxd7 Rxf2+ 36. Kb3 c5 37. Nd5 R6f3+ 38. Ka2 c6 39. Nc7 c4 40. Ne6+ Ke8 41. Rc7 Re3 42. Ng7+ Kd8 43. Rxc6 Ne5 44. Rd6+ Kc7 45. Ne8+ Kc8 46. Rh7 Nf7 47. Rf6 Rxf6 48. Nxf6 Nd6 49. Rxa7 Nb5 50. Nd5 Rd3 51. Ne7+ Kd8 52. Nc6+ Kc8 53. Ne7+ Kd8 54. Nc6+ Kc8 55. Ra5 Nd6 56. Ne5 Rd4 57. Rc5+ Kb7 58. a4 c3 59. bxc3 Rxa4+ 60. Kb3 Rh4 61. Rd5 Kc7 62. Nf3 Rh1 63. Nd4 Rb1+ 64. Kc2 Rh1 65. Kb2 Rg1 66. Rc5+ Kd7 67. Nf3 Rh1 68. Ne5+ Ke6 69. Nd3 Kd7 70. Rg5 Kc7 71. Rg7+ Kb6 72. Rg6 Kc6 73. Nf2 Rh2 74. Rf6 Kd5 75. Kb3 Rg2 76. Nd3 Rg1 77. Nb4+ Ke5 78. Rh6 Ne4 79. Nd3+ Kd5 80. c4+ Kd4 81. Nf4 Nc5+ 82. Kc2 Kxc4 83. Rh4 Kb5 84. Ne2 1/2-1/2

[Event "DEN-chT XtraCon 2018-19"]
[Site "Denmark"]
[Date "2018.10.27"]
[Round "1"]
[White "Hansen, Mads"]
[Black "Vesterli, Michael E."]
[Result "1-0"]
[ECO "B50"]
[WhiteElo "2385"]
[BlackElo "2169"]
[Annotator "NA"]
[PlyCount "63"]
[EventDate "2018.10.27"]
[EventType "team-tourn"]
[EventCountry "DEN"]
[SourceTitle "playchess.com"]
[Source "ChessBase"]
[SourceQuality "1"]
[TimeControl "40/5400+30:1800+30"]

1. e4 c5 2. Nf3 d6 3. Bc4 e6 4. O-O Nc6 5. Re1 Be7 6. Bb3 Nf6 7. c3 O-O 8. d3 Qc7 9. Nbd2 Ne5 10. Bc2 Bd7 11. d4 cxd4 12. cxd4 Nxf3+ 13. Nxf3 Rac8 14. Bd3 e5 15. h3 Rfd8 16. Bd2 d5 17. exd5 e4 18. Bxe4 Nxe4 19. Rxe4 Bf5 20. Bf4 Bd6 21. Bxd6 Qxd6 22. Re5 Bc2 23. Qe2 f6 24. Re7 Qxd5 25. Re1 Ba4 26. Qe3 Bc6 27. Qf4 Qh5 28. Nh4 Rd5 29. R1e3 Qd1+ 30. Kh2 Qxd4 31. R3e4 Qc5 32. Qg4 1-0

[Event "DEN-chT XtraCon 2018-19"]
[Site "Denmark"]
[Date "2018.10.27"]
[Round "1"]
[White "Jacobsen, Mikkel Manosri"]
[Black "Pedersen, Nicolai Vesterbaek"]
[Result "1-0"]
[ECO "E10"]
[WhiteElo "2314"]
[BlackElo "2396"]
[Annotator "NA"]
[PlyCount "58"]
[EventDate "2018.10.27"]
[EventType "team-tourn"]
[EventCountry "DEN"]
[SourceTitle "playchess.com"]
[Source "ChessBase"]
[SourceQuality "1"]
[TimeControl "40/5400+30:1800+30"]

1. d4 Nf6 2. c4 e6 3. Nf3 d5 4. e3 b6 5. b3 Ba6 6. Nbd2 c5 7. Bb2 Be7 8. dxc5 bxc5 9. Ne5 Qb6 10. Qc2 O-O 11. Bd3 Bb7 12. g4 d4 13. Rg1 Qd6 14. exd4 cxd4 15. Ndf3 Nc6 16. Nxc6 Bxc6 17. Nxd4 Qxh2 18. O-O-O Qf4+ 19. Kb1 Be4 20. f3 Bxd3 21. Rxd3 Bc5 22. g5 Nh5 23. Rh1 Qxg5 24. f4 Qg6 25. f5 exf5 26. Nf3 Nf4 27. Ne5 Qg5 28. Qh2 h6 29. Rg3 Qf6 1-0

[Event "DEN-chT XtraCon 2018-19"]
[Site "Denmark"]
[Date "2018.10.27"]
[Round "1"]
[White "Laursen, Niels Norskov"]
[Black "Rozentalis, Eduardas"]
[Result "0-1"]
[ECO "C10"]
[WhiteElo "2304"]
[BlackElo "2522"]
[Annotator "RC"]
[PlyCount "72"]
[EventDate "2018.10.27"]
[EventType "team-tourn"]
[EventCountry "DEN"]
[SourceTitle "playchess.com"]
[Source "ChessBase"]
[SourceQuality "1"]
[TimeControl "40/5400+30:1800+30"]

1. e4 e6 2. d4 d5 3. Nc3 Nc6 4. Nf3 Nf6 5. Bg5 Be7 6. e5 Ne4 7. Bxe7 Qxe7 8. Bd3 Nxc3 9. bxc3 f6 10. Bb5 Bd7 11. Bxc6 Bxc6 12. O-O O-O 13. Re1 f5 14. Nd2 f4 15. f3 Rf5 16. g4 fxg3 17. hxg3 Raf8 18. Kg2 Qg5 19. Qe2 Ba4 20. Rac1 a6 21. Qe3 Qg6 22. Rh1 Rg5 23. Rh3 h6 24. Nb3 Bb5 25. Nc5 Rgf5 26. g4 h5 27. Rg3 h4 28. Rh3 Rxf3 29. Qxf3 Rxf3 30. Rxf3 Qxg4+ 31. Kf2 h3 32. Rg1 Qh4+ 33. Ke3 Qh6+ 34. Kf2 Qd2+ 35. Kg3 Be2 36. Rf2 Qe3+ 0-1

[Event "DEN-chT XtraCon 2018-19"]
[Site "Denmark"]
[Date "2018.10.27"]
[Round "1"]
[White "Bank, Pelle"]
[Black "Larsen, Steen Skovlund"]
[Result "1/2-1/2"]
[ECO "A45"]
[WhiteElo "2299"]
[BlackElo "2308"]
[Annotator "NA"]
[PlyCount "54"]
[EventDate "2018.10.27"]
[EventType "team-tourn"]
[EventCountry "DEN"]
[SourceTitle "playchess.com"]
[Source "ChessBase"]
[SourceQuality "1"]
[TimeControl "40/5400+30:1800+30"]

1. d4 Nf6 2. Bg5 e6 3. e4 h6 4. Bxf6 Qxf6 5. c3 d6 6. Bd3 g6 7. Ne2 Bg7 8. O-O e5 9. f4 Qe7 10. f5 Nd7 11. fxg6 fxg6 12. Na3 Nf6 13. Qb3 c6 14. Nc4 b5 15. Na5 Bd7 16. a4 a6 17. Kh1 Rf8 18. d5 cxd5 19. exd5 e4 20. Nf4 Ng4 21. Be2 Qg5 22. Bxg4 Rxf4 23. Bxd7+ Kxd7 24. axb5 Rxf1+ 25. Rxf1 Rf8 26. Qc4 Qxd5 27. Qc6+ Qxc6 1/2-1/2

[Event "DEN-chT XtraCon 2018-19"]
[Site "Denmark"]
[Date "2018.10.27"]
[Round "1"]
[White "Ochsner, Thomas"]
[Black "Skjoldager, Per"]
[Result "1-0"]
[ECO "B14"]
[WhiteElo "2280"]
[BlackElo "2087"]
[Annotator "NA"]
[PlyCount "61"]
[EventDate "2018.10.27"]
[EventType "team-tourn"]
[EventCountry "DEN"]
[SourceTitle "playchess.com"]
[Source "ChessBase"]
[SourceQuality "1"]
[TimeControl "40/5400+30:1800+30"]

1. e4 c6 2. d4 d5 3. exd5 cxd5 4. c4 Nf6 5. Nc3 g6 6. Qb3 Bg7 7. cxd5 O-O 8. Be2 Na6 9. Bf3 Qb6 10. Nge2 Qxb3 11. axb3 Nb4 12. O-O a5 13. Bf4 Ne8 14. Nb5 Bf5 15. d6 exd6 16. Nxd6 Nc2 17. Nxf5 gxf5 18. Ra4 Rd8 19. Rd1 b6 20. Bg5 f6 21. Bf4 Nb4 22. d5 Nd6 23. Nd4 Rfe8 24. Nc6 Nxc6 25. dxc6 Nc8 26. Rxd8 Rxd8 27. c7 Re8 28. Kf1 Bf8 29. Bc6 Re7 30. Rd4 Na7 31. Rd8 1-0

[Event "DEN-chT XtraCon 2018-19"]
[Site "Denmark"]
[Date "2018.10.27"]
[Round "1"]
[White "Borovnica, Tihomir"]
[Black "Skytte, Rasmus"]
[Result "0-1"]
[ECO "A06"]
[WhiteElo "2276"]
[BlackElo "2385"]
[Annotator "NA"]
[PlyCount "76"]
[EventDate "2018.10.27"]
[EventType "team-tourn"]
[EventCountry "DEN"]
[SourceTitle "playchess.com"]
[Source "ChessBase"]
[SourceQuality "1"]
[TimeControl "40/5400+30:1800+30"]

1. Nf3 d5 2. g3 Nf6 3. Bg2 e6 4. O-O Be7 5. d3 c5 6. Nbd2 Nc6 7. e4 O-O 8. e5 Nd7 9. Re1 Qc7 10. Qe2 b5 11. Nf1 Nd4 12. Nxd4 cxd4 13. h4 Bb4 14. Bd2 Bxd2 15. Qxd2 Nxe5 16. Qf4 f6 17. Rac1 Qb6 18. h5 Bd7 19. Nd2 Nf7 20. Qh4 Nh6 21. Re2 Rad8 22. a3 Kh8 23. b4 Nf5 24. Qh1 Qa6 25. Ra1 Qd6 26. Nb3 Bc8 27. a4 bxa4 28. Rxa4 Bd7 29. Rxa7 Qxb4 30. Bh3 Qb6 31. Ra5 Nh6 32. Kg2 e5 33. Bxd7 Rxd7 34. Qa1 Rc8 35. Qa4 Rdd8 36. Rb5 Qc6 37. Qa5 Qe8 38. Rxd5 Qc6 0-1

[Event "DEN-chT XtraCon 2018-19"]
[Site "Denmark"]
[Date "2018.10.27"]
[Round "1"]
[White "Christensen, Thomas"]
[Black "Andersen, Ib Hother"]
[Result "0-1"]
[ECO "E32"]
[WhiteElo "2219"]
[BlackElo "2145"]
[Annotator "NA"]
[PlyCount "70"]
[EventDate "2018.10.27"]
[EventType "team-tourn"]
[EventCountry "DEN"]
[SourceTitle "playchess.com"]
[Source "ChessBase"]
[SourceQuality "1"]
[TimeControl "40/5400+30:1800+30"]

1. d4 Nf6 2. c4 e6 3. Nc3 Bb4 4. Qc2 O-O 5. a3 Bxc3+ 6. Qxc3 b5 7. c5 Bb7 8. Bg5 a5 9. Rc1 h6 10. Bh4 Nc6 11. e3 b4 12. Qc2 g5 13. Bg3 Nh5 14. Qd1 Nxg3 15. hxg3 Kg7 16. Qh5 Qf6 17. Bd3 Ba6 18. Be4 bxa3 19. bxa3 Rab8 20. Nf3 Rb2 21. Bc2 Rfb8 22. Kd1 d6 23. cxd6 cxd6 24. Qg4 Rc8 25. Rh5 Rxc2 26. Rxc2 Bd3 27. Rxc6 Rxc6 28. Rh1 Rb6 29. Kd2 Bf5 30. Qh5 Rb2+ 31. Kc3 Rxf2 32. Nd2 e5 33. g4 exd4+ 34. exd4 Bh7 35. Qh3 Qe6 0-1

[Event "DEN-chT XtraCon 2018-19"]
[Site "Denmark"]
[Date "2018.10.27"]
[Round "1"]
[White "Jaksland, Tim"]
[Black "Rewitz, Poul"]
[Result "1/2-1/2"]
[ECO "A30"]
[WhiteElo "2214"]
[BlackElo "2274"]
[Annotator "NA"]
[PlyCount "139"]
[EventDate "2018.10.27"]
[EventType "team-tourn"]
[EventCountry "DEN"]
[SourceTitle "playchess.com"]
[Source "ChessBase"]
[SourceQuality "1"]
[TimeControl "40/5400+30:1800+30"]

1. c4 c5 2. Nf3 Nc6 3. b3 Nf6 4. Bb2 e6 5. g3 Be7 6. Bg2 O-O 7. O-O d5 8. e3 dxc4 9. bxc4 Qb6 10. Qc2 Nb4 11. Qb3 Nd3 12. Ba3 Rd8 13. Nc3 Ng4 14. h3 Nge5 15. Nxe5 Nxe5 16. d4 Nc6 17. Bxc5 Bxc5 18. dxc5 Qxc5 19. Qb5 Qxb5 20. cxb5 Na5 21. Rfd1 Bd7 22. Rd4 Rac8 23. Rad1 Rxc3 24. Rxd7 Rxd7 25. Rxd7 g5 26. Bxb7 Nxb7 27. Rxb7 Ra3 28. Rb8+ Kg7 29. Ra8 Rxa2 30. b6 Rb2 31. bxa7 Ra2 32. Kg2 h5 33. Kf3 Ra4 34. Ke2 Ra3 35. f4 g4 36. hxg4 hxg4 37. e4 Ra1 38. Ke3 Ra4 39. Kd3 Ra1 40. Kd4 Ra5 41. Kc4 Ra4+ 42. Kc5 Ra1 43. Kd6 Ra6+ 44. Ke7 Ra1 45. f5 exf5 46. exf5 Re1+ 47. Kd6 Ra1 48. Ke5 Ra5+ 49. Kf4 Kf6 50. Kxg4 Ra1 51. Kh5 Rh1+ 52. Kg4 Ra1 53. Rb8 Rxa7 54. Rb6+ Kg7 55. Kg5 Ra5 56. Rb7 Rc5 57. g4 Ra5 58. Re7 Rc5 59. Re4 Ra5 60. Kf4 Ra1 61. Rb4 Rf1+ 62. Ke5 Re1+ 63. Re4 Ra1 64. g5 f6+ 65. gxf6+ Kf7 66. Re2 Ra5+ 67. Kf4 Kxf6 68. Re6+ Kf7 69. Rb6 Ra1 70. Kg5 1/2-1/2

[Event "DEN-chT XtraCon 2018-19"]
[Site "Denmark"]
[Date "2018.10.27"]
[Round "1"]
[White "Pedersen, Nicolai Kvist Brond"]
[Black "Jorgensen, Dennis"]
[Result "1-0"]
[ECO "E15"]
[WhiteElo "2171"]
[BlackElo "2124"]
[Annotator "NA"]
[PlyCount "35"]
[EventDate "2018.10.27"]
[EventType "team-tourn"]
[EventCountry "DEN"]
[SourceTitle "playchess.com"]
[Source "ChessBase"]
[SourceQuality "1"]
[TimeControl "40/5400+30:1800+30"]

1. d4 Nf6 2. Nf3 e6 3. c4 b6 4. g3 Ba6 5. b3 Bb4+ 6. Bd2 Be7 7. Nc3 d5 8. cxd5 exd5 9. Bg2 O-O 10. O-O Ne4 11. Ne5 Nxc3 12. Bxc3 Re8 13. Qc2 Bf8 14. Nxf7 Kxf7 15. Qf5+ Kg8 16. Qxd5+ Qxd5 17. Bxd5+ Kh8 18. Bxa8 1-0

[Event "DEN-chT XtraCon 2018-19"]
[Site "Denmark"]
[Date "2018.10.27"]
[Round "1"]
[White "Svenninggaard, Thomas"]
[Black "Ramsdal, Jens Albert"]
[Result "0-1"]
[ECO "B24"]
[WhiteElo "2163"]
[BlackElo "2222"]
[Annotator "NA"]
[PlyCount "58"]
[EventDate "2018.10.27"]
[EventType "team-tourn"]
[EventCountry "DEN"]
[SourceTitle "playchess.com"]
[Source "ChessBase"]
[SourceQuality "1"]
[TimeControl "40/5400+30:1800+30"]

1. e4 c5 2. Nc3 Nc6 3. g4 e5 4. Bg2 d6 5. d3 Nge7 6. h4 Nd4 7. a4 Bxg4 8. f3 Be6 9. h5 Nec6 10. Nge2 Be7 11. O-O Rc8 12. Nxd4 cxd4 13. Ne2 g6 14. h6 Bg5 15. f4 Bxh6 16. f5 Bxc1 17. Qxc1 Bd7 18. Qh6 Qf6 19. Ng3 Ke7 20. Qd2 Qh4 21. Qe1 f6 22. Rf3 g5 23. Rf1 g4 24. c3 h5 25. Kf2 Qg5 26. Rh1 h4 27. Ne2 h3 28. Ng3 Qf4+ 29. Kg1 hxg2 0-1

[Event "DEN-chT XtraCon 2018-19"]
[Site "Denmark"]
[Date "2018.10.27"]
[Round "1"]
[White "Nielsen, Thomas Bach"]
[Black "Grove, Peter"]
[Result "0-1"]
[ECO "D20"]
[WhiteElo "2136"]
[BlackElo "2213"]
[Annotator "NA"]
[PlyCount "96"]
[EventDate "2018.10.27"]
[EventType "team-tourn"]
[EventCountry "DEN"]
[SourceTitle "playchess.com"]
[Source "ChessBase"]
[SourceQuality "1"]
[TimeControl "40/5400+30:1800+30"]

1. d4 d5 2. c4 dxc4 3. Nc3 Nf6 4. e4 Nc6 5. e5 Nd5 6. Bxc4 Nb6 7. Bb5 Bd7 8. Nf3 e6 9. O-O Nb4 10. Be2 Bc6 11. a3 N4d5 12. Qc2 f5 13. exf6 gxf6 14. Bb5 Bxb5 15. Nxb5 Qd7 16. Qe2 a6 17. Nc3 O-O-O 18. Re1 Re8 19. Ne4 Qc6 20. Bd2 Qc4 21. Rac1 Qxe2 22. Rxe2 Nd7 23. Nc5 Nxc5 24. dxc5 Kd7 25. b4 e5 26. Rce1 a5 27. Nh4 axb4 28. axb4 Ra8 29. f4 exf4 30. Nf5 Ra2 31. Rd1 c6 32. Re4 Rg8 33. h4 Rg4 34. g3 Ra4 35. Kg2 f3+ 36. Kxf3 Rxe4 37. Kxe4 Bxc5 38. Kf3 Bxb4 39. Bxb4 Rxb4 40. Rd3 Ke6 41. g4 Rb1 42. h5 c5 43. Rd2 c4 44. Re2+ Kd7 45. Rd2 Kc6 46. Ke4 Re1+ 47. Kd4 b5 48. Nh6 Rf1 0-1

[Event "DEN-chT XtraCon 2018-19"]
[Site "Denmark"]
[Date "2018.10.27"]
[Round "1"]
[White "Haubro, Sigfred"]
[Black "Pedersen, Jan Rode"]
[Result "1-0"]
[ECO "A05"]
[WhiteElo "2130"]
[BlackElo "2177"]
[Annotator "NA"]
[PlyCount "71"]
[EventDate "2018.10.27"]
[EventType "team-tourn"]
[EventCountry "DEN"]
[SourceTitle "playchess.com"]
[Source "ChessBase"]
[SourceQuality "1"]
[TimeControl "40/5400+30:1800+30"]

1. Nf3 Nf6 2. b3 e6 3. Bb2 b6 4. e3 Bb7 5. Be2 Be7 6. O-O O-O 7. d4 d6 8. c4 Nbd7 9. Nbd2 Ne4 10. Nxe4 Bxe4 11. Nd2 Bb7 12. Qc2 d5 13. e4 Bb4 14. exd5 exd5 15. Nf3 Bd6 16. Ne5 dxc4 17. Bxc4 Nxe5 18. dxe5 Qg5 19. f4 Bc5+ 20. Kh1 Qg4 21. Bd3 h5 22. Bh7+ Kh8 23. Be4 Bxe4 24. Qxe4 Rad8 25. Bc3 a5 26. Rf3 Rd7 27. h3 Qh4 28. Raf1 Rfd8 29. Be1 Qe7 30. f5 Rd4 31. Qe2 Bb4 32. f6 gxf6 33. Rxf6 R8d7 34. Qxh5+ Kg8 35. Qg5+ Kf8 36. e6 1-0

[Event "DEN-chT XtraCon 2018-19"]
[Site "Denmark"]
[Date "2018.10.27"]
[Round "1"]
[White "Rendboe, John Filip"]
[Black "Pedersen, Lars Erik"]
[Result "1/2-1/2"]
[ECO "E48"]
[WhiteElo "2103"]
[BlackElo "2087"]
[Annotator "NA"]
[PlyCount "57"]
[EventDate "2018.10.27"]
[EventType "team-tourn"]
[EventCountry "DEN"]
[SourceTitle "playchess.com"]
[Source "ChessBase"]
[SourceQuality "1"]
[TimeControl "40/5400+30:1800+30"]

1. d4 Nf6 2. c4 e6 3. Nc3 Bb4 4. e3 O-O 5. Bd3 d5 6. Nge2 c5 7. O-O cxd4 8. exd4 dxc4 9. Bxc4 Nc6 10. a3 Be7 11. Ba2 b6 12. Re1 Bb7 13. b4 Rc8 14. Bb2 Qd6 15. d5 exd5 16. Nxd5 Nxd5 17. Qxd5 Qxd5 18. Bxd5 Rfd8 19. Rad1 Kf8 20. Ng3 g6 21. Bf3 Ba6 22. Bd5 Nb8 23. h3 Bc4 24. Bf3 Rxd1 25. Rxd1 Rd8 26. Rxd8+ Bxd8 27. Ne2 Nd7 28. Bd4 Bf6 29. Bxf6 1/2-1/2

[Event "DEN-chT XtraCon 2018-19"]
[Site "Denmark"]
[Date "2018.10.27"]
[Round "1"]
[White "Firooznia, Farzam"]
[Black "Sobjerg, Erik"]
[Result "1/2-1/2"]
[ECO "B24"]
[WhiteElo "2087"]
[BlackElo "2242"]
[Annotator "NA"]
[PlyCount "44"]
[EventDate "2018.10.27"]
[EventType "team-tourn"]
[EventCountry "DEN"]
[SourceTitle "playchess.com"]
[Source "ChessBase"]
[SourceQuality "1"]
[TimeControl "40/5400+30:1800+30"]

1. e4 c5 2. Nc3 Nc6 3. Bb5 Nd4 4. Bc4 e6 5. Nge2 Nf6 6. O-O a6 7. d3 b5 8. Bb3 Nxb3 9. axb3 Bb7 10. Qe1 d5 11. e5 d4 12. exf6 dxc3 13. Nxc3 gxf6 14. f3 f5 15. Qe5 Qd4+ 16. Qxd4 cxd4 17. Ne2 Bc5 18. Bg5 O-O 19. Bf6 e5 20. f4 e4 21. Bxd4 exd3 22. cxd3 Rfe8 1/2-1/2

[Event "DEN-chT XtraCon 2018-19"]
[Site "Denmark"]
[Date "2018.10.27"]
[Round "1"]
[White "Bjerre, Tavs"]
[Black "Pallesen, Jacob"]
[Result "1-0"]
[ECO "D45"]
[WhiteElo "2039"]
[BlackElo "2024"]
[Annotator "NA"]
[PlyCount "43"]
[EventDate "2018.10.27"]
[EventType "team-tourn"]
[EventCountry "DEN"]
[SourceTitle "playchess.com"]
[Source "ChessBase"]
[SourceQuality "1"]
[TimeControl "40/5400+30:1800+30"]

1. d4 d5 2. c4 e6 3. Nc3 c6 4. e3 Nf6 5. Nf3 Nbd7 6. b3 Bb4 7. Bd2 O-O 8. Bd3 a6 9. O-O Bd6 10. e4 dxe4 11. Nxe4 Nxe4 12. Bxe4 Nf6 13. Bc2 c5 14. Bc3 cxd4 15. Bxd4 Be7 16. Qd3 g6 17. Rad1 Qa5 18. Bc3 Qc7 19. Ne5 b6 20. Qg3 Nh5 21. Ng4 Nxg3 22. Nh6# 1-0

[Event "DEN-chT XtraCon 2018-19"]
[Site "Denmark"]
[Date "2018.10.27"]
[Round "1"]
[White "Svendsen, Peter Willer"]
[Black "Pedersen, Gunnar"]
[Result "0-1"]
[ECO "D02"]
[WhiteElo "1948"]
[BlackElo "2196"]
[Annotator "NA"]
[PlyCount "64"]
[EventDate "2018.10.27"]
[EventType "team-tourn"]
[EventCountry "DEN"]
[SourceTitle "playchess.com"]
[Source "ChessBase"]
[SourceQuality "1"]
[TimeControl "40/5400+30:1800+30"]

1. d4 d5 2. Nf3 Nf6 3. Bf4 e6 4. e3 Bd6 5. Ne5 O-O 6. Bd3 c5 7. c3 Nc6 8. Nd2 Qc7 9. Ndf3 c4 10. Bc2 b5 11. O-O a5 12. Qe2 Bb7 13. Nxc6 Bxc6 14. Bxd6 Qxd6 15. Ne5 b4 16. Rfe1 Rab8 17. Rab1 Rfc8 18. g4 Be8 19. g5 Nd7 20. f4 Nxe5 21. fxe5 Qe7 22. Qg4 bxc3 23. bxc3 Qa3 24. Qh3 g6 25. e4 Bc6 26. exd5 Bxd5 27. Rxb8 Rxb8 28. Be4 Bxe4 29. Rxe4 Qc1+ 30. Kf2 Rb1 31. Re2 Qf4+ 32. Kg2 Qf1+ 0-1

[Event "DEN-chT XtraCon 2018-19"]
[Site "Denmark"]
[Date "2018.11.18"]
[Round "3"]
[White "David, Alberto"]
[Black "Rostgaard, Tobias Valentin"]
[Result "1-0"]
[ECO "A05"]
[WhiteElo "2555"]
[BlackElo "2372"]
[Annotator "ChessBase"]
[PlyCount "79"]
[EventDate "2018.10.27"]
[EventType "team-tourn"]
[EventCountry "DEN"]
[SourceTitle "playchess.com"]
[Source "ChessBase"]
[SourceQuality "1"]
[TimeControl "40/5400+30:1800+30"]

1. Nf3 Nf6 2. g3 g6 3. Bg2 Bg7 4. O-O O-O 5. d3 c5 6. e4 Nc6 7. c3 d6 8. Re1 Rb8 9. h3 b5 10. d4 Nd7 11. a3 e5 12. Be3 exd4 13. cxd4 Na5 14. Nc3 h6 15. Bf4 Nc4 16. dxc5 Nxc5 17. Qc2 g5 18. Bc1 Be6 19. Rb1 f5 20. b4 Nxe4 21. Nxe4 fxe4 22. Qxe4 Bf5 23. Qd5+ Kh8 24. Rb3 Qf6 25. Bd2 Nxd2 26. Qxd2 Rbc8 27. Rbe3 Rc2 28. Qd5 Bd7 29. Qb7 Bc6 30. Qxa7 Qb2 31. Rd3 Rc3 32. Qe3 Rxd3 33. Qxd3 Qf6 34. Re3 h5 35. Qe2 Kg8 36. h4 Qa1+ 37. Kh2 Bxf3 38. Rxf3 Rxf3 39. Bxf3 gxh4 40. Qe5 1-0

[Event "DEN-chT XtraCon 2018-19"]
[Site "Denmark"]
[Date "2018.11.18"]
[Round "3"]
[White "Genov, Petar"]
[Black "Nielsen, Thomas Bach"]
[Result "0-1"]
[ECO "E07"]
[WhiteElo "2445"]
[BlackElo "2122"]
[Annotator "ChessBase"]
[PlyCount "80"]
[EventDate "2018.10.27"]
[EventType "team-tourn"]
[EventCountry "DEN"]
[SourceTitle "playchess.com"]
[Source "ChessBase"]
[SourceQuality "1"]
[TimeControl "40/5400+30:1800+30"]

1. Nf3 d5 2. d4 Nf6 3. c4 e6 4. g3 Be7 5. Bg2 O-O 6. O-O Nbd7 7. Nbd2 c6 8. b3 a5 9. a3 b6 10. Bb2 Bb7 11. Rc1 c5 12. a4 Rc8 13. e3 cxd4 14. Nxd4 Nc5 15. Qe2 Re8 16. Rfd1 Bf8 17. Nb5 Qe7 18. Ba3 dxc4 19. Bxc5 Rxc5 20. Nxc4 Bxg2 21. Kxg2 Nd5 22. Ncd6 Rxc1 23. Rxc1 Rd8 24. e4 Qg5 25. Qd1 Bxd6 26. exd5 exd5 27. Nxd6 Rxd6 28. Rc8+ Rd8 29. Rc6 d4 30. Rxb6 d3 31. Rb5 Qe7 32. Rf5 d2 33. Kf1 Qe4 34. Rf4 Qd3+ 35. Kg2 Re8 36. Rf3 Qd5 37. Kh3 Re1 38. Re3 Qd7+ 39. Qg4 Qxg4+ 40. Kxg4 Rxe3 0-1